 Dungeon Crawl Stone Soup version 0.22.1-1-ga44c0e5 (webtiles) character file.

151 HoaS the Skirmisher (level 5, -2/34 HPs)
             Began as a Gargoyle Berserker on Oct 21, 2018.
             Was a Believer of Trog.
             Slain by a gnoll
             ... wielding a +0 club of chaos
              (12 damage)
             ... on level 2 of the Dungeon.
             The game lasted 00:05:29 (1469 turns).

HoaS the Skirmisher (Gargoyle Berserker)            Turns: 1469, Time: 00:05:30

Health: -2/34      AC: 10    Str: 21    XL:     5   Next: 33%
Magic:  5/5        EV: 11    Int:  8    God:    Trog [**....]
Gold:   138        SH:  0    Dex:  9    Spells: 4/4 levels left

rFire    . . .     SeeInvis .     - Unarmed
rCold    . . .     Gourm    .   (no shield)
rNeg     + . .     Faith    .   j - +1 ring mail
rPois    ∞         Spirit   .   (no helmet)
rElec    +         Reflect  .   h - scarf {repulsion}
rCorr    .         Harm     .   (no gloves)
MR       .....                  (no boots)
Stlth    ..........             (no amulet)
HPRegen  0.11/turn              (no ring)
MPRegen  0.09/turn              (no ring)

@: berserk cooldown, very slightly contaminated, slowed, repel missiles, very
slow
A: negative energy resistance 1, electricity resistance, unbreathing,
petrification resistance, rot immunity, AC +4
a: Berserk, Trog's Hand, Renounce Religion


You were on level 2 of the Dungeon.
You worshipped Trog.
Trog was pleased with you.
You were hungry.

You visited 1 branch of the dungeon, and saw 2 of its levels.
You visited the Abyss 1 time.

You collected 138 gold pieces.

Inventory:

Armour
 h - a scarf of repulsion (worn)
 j - a +1 ring mail (worn)
Scrolls
 c - a scroll of teleportation
 d - a scroll of identify {unknown}
Potions
 a - a potion of heal wounds {unknown}
 e - a potion of agility {unknown}
 g - 2 potions of flight {unknown}
 i - 2 potions of curing {unknown}
Comestibles
 b - 4 rations
 f - 4 chunks of flesh


   Skills:
 * Level 4.7 Fighting
 + Level 3.2 Armour
 - Level 1.5 Dodging
 * Level 4.3 Unarmed Combat


You had 4 spell levels left.
You didn't know any spells.
Your spell library was empty.

Dungeon Overview and Level Annotations

Branches:
Dungeon (2/15)

Altars:
Uskayaw


Innate Abilities, Weirdness & Mutations

You are resistant to torment.
Your stone body is resilient. (AC +4)
You are immune to poison.
You resist negative energy. (rN+)
You are resistant to electric shocks. (rElec)
You can survive without breathing.
You are immune to petrification.
You are immune to rotting.


Message History

You hit the gnoll but do no damage.
The gnoll is moderately wounded.
You flicker for a moment.
The gnoll closely misses you. x2
You catch the helpless gnoll completely off-guard!
You hit the gnoll but do no damage.
The gnoll is moderately wounded.
The gnoll barely misses you.
You hit the gnoll but do no damage.
The gnoll is moderately wounded.
The gnoll closely misses you.
You barely miss the gnoll.
The gnoll is moderately wounded.
The gnoll barely misses you.
You hit the gnoll but do no damage.
The gnoll is moderately wounded.
You flicker back into view.
The gnoll hits you with a club of chaos.
Space warps horribly around you!
You die...

### #.###### #.. #.####g#
### #......# #g######
##### #.# #.... #.#####
#.### #.....#
##########.... #####g#
#...........##
###@###.########..#
#......#....# #..#
#.#.###.###.# #..# #.#.#
#)# #.# #..#
#.####.#.###.###.####..##
.......#.##...##.........
#.................###..##
########.##...##..# #..#
#.###.###..###..#


You could see a gnoll.

Vanquished Creatures
  A jelly (Abyss:1)
  A hound (D:2)
  A centaur skeleton (D:2)
  A gnoll (D:2)
  2 oozes
  A dart slug (D:1)
  7 bats
  3 giant cockroaches
  A hobgoblin (D:1)
  8 kobolds
  A quokka (D:2)
  4 frilled lizards
  7 goblins
  9 rats
47 creatures vanquished.

Notes
Turn   | Place    | Note
-------+----------+-------------------------------------------
     0 | D:1      | HoaS the Gargoyle Berserker began the quest for the Orb.
     0 | D:1      | Reached XP level 1. HP: 14/14 MP: 1/1
    66 | D:1      | Reached XP level 2. HP: 11/19 MP: 2/2
   539 | D:1      | Reached XP level 3. HP: 21/24 MP: 3/3
   903 | D:2      | Reached XP level 4. HP: 23/29 MP: 4/4
  1112 | D:2      | Reached ** piety under Trog
  1144 | D:2      | Found a hide-covered altar of Uskayaw.
  1347 | D:2      | Cast into level 1 of the Abyss (gnoll)
  1437 | Abyss:1  | Reached XP level 5. HP: 15/34 MP: 5/5
  1439 | D:2      | Escaped the Abyss
  1469 | D:2      | Slain by a gnoll

Skill      XL: |  1  2  3  4 |
---------------+-------------+-----
Fighting       | 4 |  4.7
Armour         | 3 |  3.2
Unarmed Combat | 4 |  4.3
Dodging        | |  1.5

Action                   |  1- 3 |  4- 6 || total
-------------------------+-------+-------++-------
Melee: Unarmed           |    79 |   104 ||   183
       Punch             |     1 |       ||     1
Invok: Berserk           |     1 |     1 ||     2
  Use: Scroll            |     2 |     5 ||     7
 Stab: Sleeping          |     1 |       ||     1
       Invisible         |       |     1 ||     1
  Eat: Chunk             |       |     3 ||     3
Armor: Animal skin       |    32 |    16 ||    48
       Ring mail         |       |    22 ||    22
Dodge: Dodged            |    59 |    58 ||   117
